Map: Frozen Temple

Players

Fropez

  • Race: Protoss Protoss
  • League: Silver
  • Spawn Location: 5:00

MonsterMenG - Winner!

  • Race: Protoss Protoss
  • League: Silver
  • Spawn Location: 11:00

VOD

Have the link to the VOD?

Description

Time

  • Played on: June 24, 2016, 12:01 p.m.
  • Length: 9:40
Show
View Real Time Build Order
Export as new Build Order

Fropez Protoss 

Build Orders: Oracle Opening 

Get SALT Encoding   

  12  0:13  Pylon  
  12  0:25  Probe (Chrono Boost)  
  13  0:34  Gateway  
  14  0:35  Probe (Chrono Boost)  
  14  0:42  Assimilator  
  15  0:50  Probe (Chrono Boost)  
  15  1:00  Probe (Chrono Boost)  
  15  1:02  Pylon  
  16  1:11  Probe (Chrono Boost)  
  17  1:19  Pylon  
  17  1:34  Cybernetics Core  
  17  1:37  Assimilator  
  17  1:39  Probe (Chrono Boost)  
  18  1:48  Pylon  
  18  1:52  Probe (Chrono Boost)  
  19  2:03  Probe (Chrono Boost)  
  20  2:12  Stargate  
  20  2:22  Mothership Core (Chrono Boost)  
  21  2:33  Warp Gate (Chrono Boost)  
  21  2:48  Probe (Chrono Boost)  
  22  2:52  Pylon  
  22  2:58  Oracle (Chrono Boost)  
  22  3:01  Probe  
  26  3:13  Probe  
  26  3:30  Oracle (Chrono Boost)  
  27  4:16  Adept  
  29  4:20  Oracle  
  32  4:28  Pylon  
  32  4:31  Pylon  
  32  4:33  Gateway  
  32  4:37  Pylon  
  32  4:43  Adept  
  34  5:14  Phoenix (Chrono Boost)  
  34  5:18  Protoss Air Weapons Level 1  
  33  5:24  Stargate  
  30  5:36  Stalker  
  30  6:00  Zealot x2  
  34  6:10  Pylon  
  34  6:22  Phoenix (Chrono Boost)  
  38  6:26  Phoenix (Chrono Boost)  
  38  6:32  Zealot x2  
  42  6:44  Phoenix (Chrono Boost)  
  42  6:46  Probe  
  45  6:58  Probe  
  46  7:04  Nexus  
  46  7:31  Adept x2  
  46  7:35  Phoenix (Chrono Boost)  
  50  8:27  Phoenix (Chrono Boost)  
  54  8:30  Phoenix (Chrono Boost)  
  40  9:22  Zealot  
  40  9:23  Zealot  
Show
View Real Time Build Order
Export as new Build Order

MonsterMenG Protoss - Winner!

Build Orders:  

Get SALT Encoding   

  12  0:02  Probe (Chrono Boost)  
  13  0:12  Probe (Chrono Boost)  
  14  0:20  Pylon  
  14  0:23  Probe (Chrono Boost)  
  15  0:39  Probe (Chrono Boost), Gateway  
  16  0:49  Probe (Chrono Boost)  
  17  0:51  Assimilator  
  17  1:00  Probe (Chrono Boost)  
  17  1:02  Pylon  
  18  1:07  Pylon  
  18  1:10  Probe (Chrono Boost)  
  18  1:20  Gateway  
  18  1:25  Assimilator  
  18  1:36  Probe (Chrono Boost)  
  19  1:43  Cybernetics Core  
  19  1:46  Zealot  
  21  1:54  Probe (Chrono Boost)  
  22  2:02  Pylon  
  22  2:06  Probe (Chrono Boost)  
  23  2:16  Probe (Chrono Boost)  
  23  2:20  Warp Gate (Chrono Boost)  
  24  2:24  Stalker  
  26  2:34  Stalker  
  28  2:42  Mothership Core (Chrono Boost)  
  30  2:50  Pylon  
  30  2:59  Stalker  
  32  3:06  Probe (Chrono Boost)  
  33  3:18  Probe  
  34  3:30  Probe  
  33  3:49  Nexus  
  31  4:16  Stalker  
  33  4:17  Stalker  
  35  4:25  Gateway  
  35  4:26  Robotics Facility  
  35  4:32  Twilight Council  
  35  4:57  Stalker  
  35  4:58  Stalker  
  35  5:08  Pylon  
  31  5:33  Stalker x2  
  33  5:36  Probe  
  33  5:41  Probe  
  35  5:47  Probe  
  36  5:53  Probe  
  35  5:57  Probe  
  35  6:03  Stalker  
  34  6:11  Probe  
  32  6:15  Probe  
  32  6:16  Observer  
  35  6:21  Probe  
  36  6:25  Pylon  
  36  6:31  Stalker  
  38  6:34  Stalker  
  38  6:37  Probe  
  41  6:52  Immortal (Chrono Boost)  
  41  6:54  Probe  
  46  7:05  Probe, Stalker  
  49  7:08  Probe  
  48  7:15  Stalker  
  50  7:29  Immortal (Chrono Boost)  
  54  7:30  Probe  
  54  7:35  Assimilator  
  55  7:43  Assimilator  
  55  7:44  Probe  
  55  7:46  Probe  
  57  7:55  Stalker  
  57  7:56  Probe  
  57  7:57  Sentry  
  56  8:41  Sentry  
  56  8:42  Stalker  
  53  9:09  Stalker  
  55  9:10  Stalker  
  55  9:11  Stalker  
Tags
 
Matchup
PvP
Replay Pack
All Mines
Spawn Locations
Cross Positions
Add a new tag
Caveats
  • Supply blocks, unpowered buildings, or Contaminate may cause inaccurate times.
  • Supply counts are checked every 10 seconds.